 Dungeon Crawl Stone Soup version 0.30-a0-779-g7971cf19c3 (webtiles) character file.

Game seed: 305326611346231213

112 DskReedErrur the Grasshopper (level 5, -1/30 HPs)
             Began as a Kobold Warper on Feb 17, 2023.
             Splashed by a jelly's acid (8 damage)
             ... on level 2 of the Dungeon.
             The game lasted 00:23:00 (1791 turns).

DskReedErrur the Grasshopper (Kobold Warper)        Turns: 1791, Time: 00:23:01

Health: -1/30      AC: -3    Str: 17    XL:     5   Next: 16%
Magic:  9/9        EV: 14    Int: 14    God:
Gold:   106        SH:  0    Dex: 14    Spells: 3/9 levels left

rFire   . . .      SeeInvis .    h - +0 dagger (venom)
rCold   + + .      Faith    .    (no shield)
rNeg    . . .      Spirit   .    e - +1 leather armour {rC+}
rPois   .          Reflect  .    (no helmet)
rElec   .          Harm     .    (no cloak)
rCorr   .          Rampage  .    (no gloves)
Will    .....                    (no boots)
Stlth   ++                       (no amulet)
HPRegen 0.25/turn                l - +6 ring of strength
MPRegen 0.11/turn                g - ring of protection from cold

@: confused, brilliant, ambrosia-drunk, corroded
A: small, no large weapons, nightstalker 3
a: no special abilities


You were on level 2 of the Dungeon.
You visited 1 branch of the dungeon, and saw 2 of its levels.

You collected 106 gold pieces.

Inventory:

Hand Weapons
 a - a +0 short sword
 h - a +0 dagger of venom (weapon)
 k - a +0 dagger
Missiles
 d - 7 boomerangs of dispersal (quivered)
 n - 4 boomerangs
Armour
 e - a +1 leather armour of cold resistance (worn)
Jewellery
 g - a ring of protection from cold (right hand)
 l - a +6 ring of strength (left hand)
Scrolls
 c - a scroll of blinking
 f - a scroll of immolation {unknown}
 i - a scroll of identify
Potions
 b - a potion of attraction


   Skills:
 - Level 2.1 Fighting
 - Level 3.0 Short Blades
 - Level 2.0 Throwing
 - Level 0.7 Armour
 - Level 2.4 Dodging
 + Level 2.9 Spellcasting
 * Level 4.1 Translocations
 * Level 1.9 Poison Magic


You had 3 spell levels left.
You knew the following spells:

 Your Spells              Type           Power      Damage    Failure   Level
a - Blink                 Tloc           40%        N/A       7%          2
b - Teleport Other        Tloc           20%        N/A       14%         3
c - Sting                 Tmut/Pois      28%        1d4       17%         1

Your spell library contained the following spells:

 Spells                   Type           Power      Damage    Failure   Level
 Lesser Beckoning         Tloc           40%        N/A       7%          2
 Vhi's Electric Charge    Tloc/Air       22%        N/A       32%         3
 Sublimation of Blood     Necr           3%         N/A       36%         2
 Wereblood                Tmut           3%         N/A       36%         2
 Tukima's Dance           Hex            3%         N/A       61%         3
 Manifold Assault         Tloc           20%        N/A       43%         4
 Passage of Golubria      Tloc           20%        N/A       43%         4
 Yara's Violent Unravell  Hex/Tmut       1%         3d3       100%        5
 Summon Hydra             Summ           1%         N/A       100%        7


Dungeon Overview and Level Annotations

Branches:
Dungeon (2/15)

Altars:


Innate Abilities, Weirdness & Mutations

You are small and have problems with some larger weapons.
You are completely attuned to the shadows.


Message History

Casting: Blink (safe; 9% risk of failure)
Confirm with . or Enter, or press ? or * to list all spells.
Okay, then.
Casting: Blink (safe; 9% risk of failure)
Confirm with . or Enter, or press ? or * to list all spells.
The spell is quite dangerous to miscast (16% risk of failure)!
Continue anyway?
Aiming: Teleport Other (quite dangerous; 16% risk of failure)
Press: ? - help, Shift-Dir - straight line, f - jelly
Aim: a jelly (almost dead, very poisoned, chance to affect: 67%)
You feel a surge of power!
The jelly looks slightly unstable.
The jelly quivers.
The jelly barely misses you. The endoplasm hits you.
* * * LOW HITPOINT WARNING * * *
The endoplasm closely misses you.
It was a potion of curing.
You feel better.
You feel stable enough to blink again. The endoplasm freezes you.
You are frozen.
You resist. The jelly hits you. The acid corrodes you!
You are splashed with acid!
* * * LOW HITPOINT WARNING * * *
The endoplasm barely misses you.
It was a potion of ambrosia.
You are confused.
You feel invigorated.
You kill the jelly!
The endoplasm freezes you.
You are frozen.
You resist. The endoplasm freezes you.
You are frozen.
You resist.
* * * LOW HITPOINT WARNING * * *
Your Translocations skill increases to level 4!
You have reached level 5!
You feel stronger.
You are too confused!
You hit the endoplasm but do no damage.
You punch the endoplasm, but do no damage.
The jelly hits you.
* * * LOW HITPOINT WARNING * * *
You are splashed with acid!
You die...

####### #......
#÷....P # #.JJ..P
# #.@J..÷ #
#.PJ.÷. ### #
#...P.P #.## #
##'#######
#..##### #
##.)....###.......
#
########.##.#####.
#### #....'..###.#
#. ...#
#....######.# #.
##.###
#.......##'## #.


You could see a jelly and 3 endoplasms.

Vanquished Creatures
  A jelly (D:2)
  An iguana (D:2)
  7 ball pythons
  8 endoplasms
  4 goblins
  2 hobgoblins
  3 quokkas
  9 bats
  2 frilled lizards (D:1)
  12 kobolds
  4 rats
53 creatures vanquished.

Vanquished Creatures (others)
  3 fungi (D:1)
  A plant (D:1)
  11 toadstools (D:2)
15 creatures vanquished.

Grand Total: 68 creatures vanquished

Notes
Turn   | Place    | Note
-------+----------+-------------------------------------------
     0 | D:1      | DskReedErrur the Kobold Warper began the quest for the Orb.
     0 | D:1      | Reached XP level 1. HP: 12/12 MP: 3/3
   128 | D:1      | Reached XP level 2. HP: 17/17 MP: 5/5
   417 | D:1      | Reached XP level 3. HP: 21/21 MP: 6/6
   590 | D:1      | Found a faded altar of an unknown god.
   597 | D:1      | Got Plato's Handbook of Poison
   603 | D:1      | Learned a level 2 spell: Blink
   607 | D:1      | Learned a level 3 spell: Teleport Other
   609 | D:1      | Learned a level 1 spell: Sting
  1293 | D:2      | HP: 1/21 [iguana (10)]
  1295 | D:2      | Reached skill level 1 in Poison Magic
  1295 | D:2      | Reached XP level 4. HP: 2/26 MP: 5/8
  1789 | D:2      | HP: 1/26 [acid (9)]
  1791 | D:2      | Reached skill level 4 in Translocations
  1791 | D:2      | Reached XP level 5. HP: 5/30 MP: 9/9
  1791 | D:2      | Splashed by a jelly's acid

Illustrated notes

Levels and vault maps discovered:
D:1:      giann_wishing_wells, layout_loops_ring,
          shapermc_ecumenical_altar_rom_forum
D:2:      cheibrodos_fertilizer, layout_loops_corners, uniq_terence

Skill      XL: |  1  2  3  4 |
---------------+-------------+-----
Throwing       | 2 |  2.0
Short Blades   | 3 |  3.0
Poison Magic   | 1 |  1.9
Translocations | 4 |  4.1
Fighting       | |  2.1
Armour         | |  0.7
Dodging        | |  2.4
Spellcasting   | |  2.9

Action                     |  1- 3 |  4- 6 || total
---------------------------+-------+-------++-------
  Melee: Short sword       |    91 |       ||    91
         Punch             |     1 |     2 ||     3
         Dagger            |    27 |    34 ||    61
   Cast: Sting             |     2 |     1 ||     3
         Blink             |       |     2 ||     2
         Teleport Other    |       |     1 ||     1
    Use: Scroll            |     2 |       ||     2
         Potion            |       |     5 ||     5
   Stab: Sleeping          |    14 |     2 ||    16
         Distracted        |     2 |       ||     2
 Armour: Leather armour    |    25 |     9 ||    34
  Dodge: Dodged            |    76 |    31 ||   107

Table legend: (Time is in decaauts)
 A = Elapsed time spent in this place.
 B = Non-inter-level travel time spent in this place.
 C = Inter-level travel time spent in this place.
 D = Time resting spent in this place.
 E = Time spent auto-exploring this place.
 F = Levels seen in this place.
 G = Mean time per level.
                   A        B        C        D        E       F      G
               +--------+--------+--------+--------+--------+-----+--------+
         Total |   1768 |   1726 |     42 |      6 |   1271 |   2 |  884.0 |
       Dungeon |   1768 |   1726 |     42 |      6 |   1271 |   2 |  884.0 |
               +--------+--------+--------+--------+--------+-----+--------+

Top non-repeatable levels by time:
     D:1: 1008 daAuts
     D:2: 760 daAuts
